[Event "*** Titled Tuesday 3|2 Blitz"]
[Site "Chess.com"]
[Date "2017.03.07"]
[Round "5"]
[White "Rock700chess"]
[Black "Tash_Boy"]
[Result "0-1"]
[WhiteElo "2239"]
[BlackElo "2505"]
[TimeControl "180+2"]
[EndTime "14:08:29 PST"]
[Termination "Tash_Boy won by resignation"]

1. e4 e5 2. Nf3 Nc6 3. Bc4 Bc5 4. c3 Nf6 5. d3 a6 6. Bb3 Ba7 7. Qe2 d6 8. Nbd2 O-O 9. h3 d5 10. Nf1 dxe4 11. dxe4 Qe7 12. g4 Be6 13. Ng3 Rad8 14. Nf5 Bxf5 15. gxf5 Na5 16. Bc2 Rd7 17. Bd2 Rfd8 18. O-O-O b5 19. Rhg1 Nc4 20. Bh6 Rxd1+ 21. Bxd1 g6 22. fxg6 hxg6 23. Bg5 Kg7 24. h4 Qe6 25. h5 Rd7 26. hxg6 fxg6 27. Nh4 Ng8 28. Bb3 Rf7 29. Rg2 Qh3 30. Bxc4 bxc4 31. Rg3 Qh1+ 32.
Qd1 Qxd1+ 33. Kxd1 Bxf2 34. Rg2 Bxh4 35. Bxh4 Nf6 36.
Bxf6+ Rxf6 37. Ke2 Rf4 38. Ke3 Rh4 39. Rf2 Rh3+ 40.
Rf3 Rxf3+ 41. Kxf3 g5 42. Kg4 Kg6 43. Kf3 Kh5 44. Kg2 Kg4 45. b4 Kf4 0-1

[Event "*** Titled Tuesday 3|2 Blitz"]
[Site "Chess.com"]
[Date "2017.03.07"]
[Round "5"]
[White "HouseOfDurin"]
[Black "Jahonas"]
[Result "0-1"]
[WhiteElo "1865"]
[BlackElo "2179"]
[TimeControl "180+2"]
[EndTime "14:08:31 PST"]
[Termination "Jahonas won by checkmate"]

1. d4 Nf6 2. Bg5 Ne4 3. h4 h6 4. Bf4 d5 5. f3 Nd6 6. Nd2 Bf5 7. Bxd6 Qxd6 8. Kf2 Nc6 9. c3 e5 10. e4 dxe4 11.
fxe4 Bh7 12. Ngf3 exd4 13. cxd4 O-O-O 14. d5 Ne5 15. Qa4 Ng4+ 16. Kg1 Qb6+ 17. Nd4 Bc5 18.
Nf3 Bxe4 19. Rd1 Rxd5 20. Be2 Bxf3 21. Bxf3 Bxd4+ 22. Kf1 Ne3+ 23. Ke2 Nxd1 24. Bxd5 Nxb2 25. Qb3 Qxb3 26. Bxb3 Re8+ 27. Kd2 Re7 28. Rf1 f6 29. Rf3 c5 30. g4 Kc7 31. g5 hxg5 32. hxg5 fxg5 33.
Rg3 b5 34. Kc2 Re2+ 35. Kb1 Re5 36. Kc2 c4 37. Bxc4 Nxc4 38. Rg2 Bc5 39. Kb3 a5 40. a4 Re3+ 41. Ka2 b4 42. Rxg5 b3+ 43. Kb1 Re1# 0-1

[Event "*** Titled Tuesday 3|2 Blitz"]
[Site "Chess.com"]
[Date "2017.03.07"]
[Round "5"]
[White "CM_Perligero"]
[Black "Alexander_Moskalenko"]
[Result "0-1"]
[WhiteElo "2128"]
[BlackElo "2704"]
[TimeControl "180+2"]
[EndTime "14:08:36 PST"]
[Termination "Alexander_Moskalenko won by checkmate"]

1. d4 d5 2. c4 c6 3. Nc3 Nf6 4. e3 a6 5. cxd5 cxd5 6. Nf3 Nc6 7. h3 g6 8. Bd3 Bg7 9. O-O O-O 10. Re1 b6 11. e4 dxe4 12. Nxe4 Nd5 13. Bc4 Na5 14. Bf1 Bb7 15. Bg5 h6 16. Bd2 Nc6 17.
Rc1 e6 18. a3 Qe7 19. Nc3 Nxc3 20. Bxc3 Rfd8 21. Qb3 Nxd4 22. Nxd4 Bxd4 23. Bxd4 Rxd4 24.
Qxb6 Rd6 25. Qb4 a5 26. Qf4 g5 27. Qe5 Rd5 28. Qg3 a4 29. Rc7 Rd7 30. Rec1 Bd5 31. Rxd7 Qxd7 32. Rc7 Qd8 33. h4 Qf6 34. hxg5 hxg5 35. Qg4 Kg7 36. Bd3 Rh8 37. Rc2 Qe5 38. Re2 Qh2+ 39. Kf1 Qh1# 0-1

[Event "*** Titled Tuesday 3|2 Blitz"]
[Site "Chess.com"]
[Date "2017.03.07"]
[Round "5"]
[White "johnathan113"]
[Black "DrVelja"]
[Result "1-0"]
[WhiteElo "2384"]
[BlackElo "2510"]
[TimeControl "180+2"]
[EndTime "14:08:38 PST"]
[Termination "johnathan113 won on time"]

1. e4 c5 2. Nf3 e6 3. b3 Nc6 4.
Bb2 Nf6 5. e5 Nd5 6. g3 Be7 7. c4 Nc7 8. Bg2 O-O 9. O-O d6 10.
d4 cxd4 11. exd6 Bxd6 12. Nxd4 Be5 13. Bxc6 bxc6 14. Na3 c5 15. Nxe6 Qxd1 16. Raxd1 Bxb2 17. Nxc7 Rb8 18. Nab5 a6 19. Nd6 Bh3 20. Rfe1 Rbd8 21. Nb7 Rxd1 22. Rxd1 Bd4 23. Nxa6 Re8 24. Naxc5 Re2 25.
Nd3 Bg4 26. Nf4 Re4 27. Rf1 g5 28. Nd6 Re7 29. Nb5 Bc5 30. Nd5 Re6 31. b4 Bf8 32. Nbc7 Rc6 33. b5 Rg6 34. b6 1-0

[Event "*** Titled Tuesday 3|2 Blitz"]
[Site "Chess.com"]
[Date "2017.03.07"]
[Round "5"]
[White "Anton_Demchenko"]
[Black "PelinGorki"]
[Result "1/2-1/2"]
[WhiteElo "2609"]
[BlackElo "2431"]
[TimeControl "180+2"]
[EndTime "14:08:43 PST"]
[Termination "Game drawn by repetition"]

1. e4 d6 2. d4 Nf6 3. Nc3 c6 4. Nf3 Bg4 5. Be3 e6 6. h3 Bh5 7.
Be2 Be7 8. O-O d5 9. e5 Nfd7 10. Nd2 Bg6 11. f4 c5 12. Nf3 Nc6 13. Kh1 h5 14. a3 h4 15. Qd2 a6 16. Rae1 b5 17. dxc5 Bxc5 18. Bxc5 Nxc5 19. Nd4 Nxd4 20. Qxd4 Rc8 21.
Bd3 Nxd3 22. cxd3 Bf5 23. Nd1 Qc7 24. Ne3 g6 25. Qb4 Bxd3 26. Rg1 Bf5 27. Rd1 Qc5 28. Qe1 Ke7 29. Qd2 Qa7 30. Qf2 Kf8 31. Rc1 Rxc1 32. Rxc1 Qb7 33. b4 Kg7 34. Rc5 Rc8 35. Qxh4 Rxc5 36. bxc5 Qc7 37. Qf6+ Kg8 38. Nxf5 gxf5 39. Qg5+ Kf8 40. h4 Qxc5 41. Qd8+ Kg7 42. Qg5+ Kf8 43. Qd8+ Kg7 44. Qf6+ Kg8 45. Qg5+ Kf8 1/2-1/2

[Event "*** Titled Tuesday 3|2 Blitz"]
[Site "Chess.com"]
[Date "2017.03.07"]
[Round "5"]
[White "NTBT_DHS"]
[Black "TheNextLevelFan"]
[Result "0-1"]
[WhiteElo "2545"]
[BlackElo "2380"]
[TimeControl "180+2"]
[EndTime "14:08:47 PST"]
[Termination "TheNextLevelFan won on time"]

1. d4 Nf6 2. c4 e6 3. g3 d5 4.
Nf3 Be7 5. Bg2 O-O 6. O-O dxc4 7. Qc2 a6 8. Qxc4 b5 9. Qc2 Bb7 10. Bd2 Be4 11. Qc1 Nbd7 12. Ba5 Ra7 13. Nbd2 Bd5 14. Ne1 Bxg2 15. Nxg2 Qa8 16. Nb3 Ne4 17. f3 Nd6 18. Ne3 Bg5 19. Bd2 a5 20. a4 Rb8 21. Nc5 Nxc5 22. dxc5 Bxe3+ 23. Bxe3 Nc4 24. Bf2 Qd5 25. Rd1 Qc6 26. b3 Ne5 27. axb5 Qxb5 28.
Qc3 Nc6 29. Ra4 Qxb3 30. Qa1 Rab7 31. Rg4 Qxd1+ 32. Qxd1 Rb1 33. Qxb1 Rxb1+ 34. Kg2 Rb4 35. Rg5 a4 36. Be1 Rc4 37. f4 a3 38. f5 f6 39. Rh5 a2 0-1

[Event "*** Titled Tuesday 3|2 Blitz"]
[Site "Chess.com"]
[Date "2017.03.07"]
[Round "5"]
[White "quesfr"]
[Black "Schoenbrunn"]
[Result "0-1"]
[WhiteElo "2138"]
[BlackElo "1866"]
[TimeControl "180+2"]
[EndTime "14:08:47 PST"]
[Termination "Schoenbrunn won by checkmate"]

1. e4 e6 2. d4 d5 3. Nd2 c5 4. exd5 Qxd5 5. Ngf3 cxd4 6. Bc4 Qd6 7.
O-O Nf6 8. Nb3 Nc6 9. Nbxd4 Nxd4 10. Nxd4 a6 11. Re1 Qc7 12. Qe2 h6 13. Nf5 g6 14. Nd4 Bg7 15. Nxe6 fxe6 16. Bxe6 Bxe6 17. Qxe6+ Kf8 18. b3 Qf7 19. Ba3+ Kg8 20. Qb6 Nd5 21. Qd6 Bxa1 22. Rxa1 Kh7 23. Rd1 Rhf8 24. Qg3 Rad8 25. h4 Nf4 26. Re1 Rd1 27. f3 Ne2+ 28. Kh2 Nxg3 29.
Rxd1 Qf4 30. Kg1 Qe3+ 31. Kh2 Ne2 32. Bb2 Qf4+ 33. Kh1 Qxh4# 0-1

[Event "*** Titled Tuesday 3|2 Blitz"]
[Site "Chess.com"]
[Date "2017.03.07"]
[Round "5"]
[White "Hikaru"]
[Black "Fandorine"]
[Result "1-0"]
[WhiteElo "2909"]
[BlackElo "2628"]
[TimeControl "180+2"]
[EndTime "14:08:56 PST"]
[Termination "Hikaru won by resignation"]

1. b3 g6 2. Bb2 Nf6 3. Nf3 Bg7 4.
d4 O-O 5. e3 b6 6. c4 Bb7 7.
Be2 d6 8. O-O Nbd7 9. Nc3 Ne4 10.
Qc2 Nxc3 11. Bxc3 e6 12. e4 a5 13. Rad1 Qe8 14. Rfe1 Qe7 15. a3 c5 16. b4 axb4 17. axb4 cxd4 18. Nxd4 Rfc8 19. Nb5 Bxc3 20. Qxc3 d5 21.
Qd2 dxc4 22. Nd6 Rc7 23. Qc3 Qf6 24. Qg3 Qe5 25. Bxc4 Qxg3 26. hxg3 Ne5 27. Bb5 Bc6 28. f4 Bxb5 29. Nxb5 Rc2 30. fxe5 Raa2 31. Kh2 Rxg2+ 32. Kh3 h5 33. Kh4 Kg7 34. Nd6 Raf2 35. Rf1 Rh2+ 36.
Kg5 Rhg2 37. Rxf2 Rxf2 38. Ne8+ Kf8 39. Nf6 Kg7 40. Rd8 1-0

[Event "*** Titled Tuesday 3|2 Blitz"]
[Site "Chess.com"]
[Date "2017.03.07"]
[Round "5"]
[White "Feegus"]
[Black "AlexanderL"]
[Result "1-0"]
[WhiteElo "2394"]
[BlackElo "2553"]
[TimeControl "180+2"]
[EndTime "14:09:00 PST"]
[Termination "Feegus won by checkmate"]

1. d4 e6 2. Bf4 Nf6 3. e3 d5 4. Nf3 c5 5. c3 Nc6 6. Nbd2 Bd6 7. Bg3 O-O 8. Bd3 b6 9. Ne5 Bb7 10. f4 Ne7 11. Bf2 Ne4 12. Nxe4 dxe4 13. Be2 cxd4 14. cxd4 Bb4+ 15. Kf1 Nd5 16. a3 Be7 17. g3 Rc8 18. Kg2 f6 19. Nc4 b5 20.
Nd2 e5 21. Nb3 exf4 22. gxf4 f5 23. Rf1 g5 24. fxg5 f4 25. Bg4 fxe3 26. Be6+ Kh8 27. Bg3 Bd6 28. Bxc8 Bxc8 29. Qh5 Bf5 30. g6 Qd7 31. Bxd6 Rg8 32. Be5+ Nf6 33. Bxf6+ Rg7 34. Qxh7# 1-0

[Event "*** Titled Tuesday 3|2 Blitz"]
[Site "Chess.com"]
[Date "2017.03.07"]
[Round "5"]
[White "Astaneh"]
[Black "Jadro9"]
[Result "1-0"]
[WhiteElo "2533"]
[BlackElo "2400"]
[TimeControl "180+2"]
[EndTime "14:09:07 PST"]
[Termination "Astaneh won by resignation"]

1. d4 d5 2. c4 e6 3. Nc3 Be7 4.
Nf3 Nf6 5. Bf4 O-O 6. e3 c5 7.
dxc5 Bxc5 8. cxd5 exd5 9. Rc1 Bb6 10. Be2 Nc6 11. O-O Be6 12. Nb5 Ne4 13. Nfd4 Qd7 14. Bf3 Rfd8 15. Nxe6 Qxe6 16. Nc7 Bxc7 17.
Bxc7 Rd7 18. Bf4 d4 19. Qa4 Re8 20. exd4 Rxd4 21. Qc2 Nxf2 22. Rce1 Ne4 23. Be3 Rc4 24. Qb3 Rb4 25. Qa3 f5 26. Bc5 Rc4 27. Bf2 Rc2 28. Be3 h6 29. h3 Qe5 30. Bc1 Qc5+ 31. Qxc5 Rxc5 32. Be3 Rc2 33. Bc1 Nd4 34. Bh5 Rec8 35. Be3 Ne2+ 36. Rxe2 Rxe2 37. Bxe2 Ng3 38. Re1 Re8 39.
Bd3 1-0

[Event "*** Titled Tuesday 3|2 Blitz"]
[Site "Chess.com"]
[Date "2017.03.07"]
[Round "5"]
[White "proxy6"]
[Black "Misha_Bilous"]
[Result "1-0"]
[WhiteElo "2171"]
[BlackElo "2263"]
[TimeControl "180+2"]
[EndTime "14:09:07 PST"]
[Termination "proxy6 won on time"]

1. e4 c5 2. Nf3 d6 3. d4 cxd4 4.
Nxd4 Nf6 5. Nc3 a6 6. Be3 e5 7. Nb3 Be6 8. h3 Nbd7 9. g4 Nb6 10. Qd2 Rc8 11. O-O-O Nc4 12. Bxc4 Rxc4 13. f3 b5 14. g5 Nd7 15. Kb1 Rc8 16. h4 Nb6 17. Qg2 Nc4 18. Bc1 b4 19. Nd5 a5 20. Rd3 Bxd5 21.
exd5 Qc7 22. Re1 a4 23. Nd4 Be7 24. Nc6 O-O 25. h5 Nb6 26. Nxb4 Rfe8 27. a3 Qc4 28. g6 Rc5 29. Be3 Nxd5 30. gxf7+ Kxf7 31. Bxc5 Nf4 32. Qg4 dxc5 33. Rg1 Bf6 34. Rd7+ Kf8 35. Rxg7 cxb4 36. Qd7 1-0

[Event "*** Titled Tuesday 3|2 Blitz"]
[Site "Chess.com"]
[Date "2017.03.07"]
[Round "5"]
[White "SergeiAza"]
[Black "LawrenceTrent"]
[Result "1-0"]
[WhiteElo "2599"]
[BlackElo "2390"]
[TimeControl "180+2"]
[EndTime "14:09:08 PST"]
[Termination "SergeiAza won by resignation"]

1. e4 e5 2. Nf3 Nc6 3. Bb5 a6 4.
Ba4 Nf6 5. O-O Bc5 6. Re1 b5 7. Bb3 d6 8. a4 Rb8 9. c3 O-O 10.
h3 h6 11. d4 Bb6 12. Be3 Bd7 13. Nbd2 Re8 14. d5 Ne7 15. Bxb6 Rxb6 16. a5 Rb8 17. c4 Ng6 18. Qc2 Nf4 19. c5 dxc5 20. Qxc5 Nd3 21.
Qc3 Nxe1 22. Rxe1 b4 23. Qe3 Bb5 24. Rc1 Re7 25. Nc4 Nd7 26. d6 cxd6 27. Nxd6 Nf6 28. Nxf7 Rxf7 29. Nxe5 Be8 30. Bxf7+ Bxf7 31. Nc6 Qe8 32.
Nxb8 Qxb8 33. e5 Nd5 34. Qe2 Qe8 35. Re1 Be6 36. Qxa6 Qg6 37. Qc4 Ne3 38. Qc6 Nc2 39. Rd1 Qf5 40. a6 1-0

[Event "*** Titled Tuesday 3|2 Blitz"]
[Site "Chess.com"]
[Date "2017.03.07"]
[Round "5"]
[White "GGuseinov"]
[Black "GeorgMeier"]
[Result "1-0"]
[WhiteElo "2645"]
[BlackElo "2729"]
[TimeControl "180+2"]
[EndTime "14:09:14 PST"]
[Termination "GGuseinov won by resignation"]

1. e4 e6 2. d4 d5 3. Nd2 dxe4 4.
Nxe4 Nd7 5. Nf3 Ngf6 6. Bd3 c5 7.
O-O Nxe4 8. Bxe4 Nf6 9. Bg5 cxd4 10. Nxd4 Be7 11. Bf3 O-O 12. Qd3 Qc7 13. Rfe1 Rd8 14.
Rad1 a6 15. g3 e5 16. Qe2 h6 17.
Bf4 exf4 18. Qxe7 Qxe7 19. Rxe7 fxg3 20. hxg3 Rb8 21. c3 Kf8 22. Rc7 Bg4 23. Bxg4 Nxg4 24.
Re1 Rdc8 25. Ree7 Rxc7 26. Rxc7 Nf6 27. Nf5 Ne8 28. Rd7 Nf6 29. Rc7 Ne8 30. Rd7 Nf6 31. Rd6 h5 32. f3 Ng8 33. Rb6 Nf6 34. Nd6 Rd8 35. Nxb7 Rd2 36. c4 Ke7 37. c5 Nd7 38. Rb3 Ne5 39. Re3 Kf6 40. Nd6 Rxb2 41. Ne8+ Kf5 42.
Nxg7+ Kg6 43. Nxh5 Nc4 44. Nf4+ Kf5 45. Rc3 Ne5 46.
c6 Rb8 47. c7 Rc8 48. Nd5 1-0

[Event "*** Titled Tuesday 3|2 Blitz"]
[Site "Chess.com"]
[Date "2017.03.07"]
[Round "5"]
[White "rpragchess"]
[Black "kereswasbest"]
[Result "1-0"]
[WhiteElo "1872"]
[BlackElo "2033"]
[TimeControl "180+2"]
[EndTime "14:09:14 PST"]
[Termination "rpragchess won by resignation"]

1. e4 e5 2. Nf3 Nc6 3. Bc4 Bc5 4. O-O Nf6 5. d3 d6 6. c3 O-O 7. Bg5 h6 8. Bh4 Be6 9. Nbd2 a6 10. b4 Ba7 11. a4 Qe7 12. Qb3 Rad8 13. h3 Bxc4 14. Nxc4 Qe6 15. b5 Nb8 16. a5 Nbd7 17. bxa6 Nc5 18. Qb5 bxa6 19. Qc6 Nxd3 20. Rab1 Bc5 21.
Nfd2 g5 22. Bg3 Nh5 23. Bh2 g4 24. hxg4 Qxg4 25. Ne3 Bxe3 26. fxe3 Ng3 27. Bxg3 Qxg3 28. Rf3 Qh4 29. Qxa6 Nc5 30. Qc4 Kg7 31. a6 f5 32.
exf5 Qxc4 33. Nxc4 Nxa6 34. Rb7 Rb8 35. Nxd6 Rxb7 36.
Nxb7 Rb8 37. Na5 Rb2 38. f6+ Kf7 39. Nc6 Nc5 40. Nxe5+ Kf8 41. f7 Ne6 42. Ng6+ Kg7 43. f8=Q+ Nxf8 44. Nxf8 Rb1+ 45. Kh2 1-0

[Event "*** Titled Tuesday 3|2 Blitz"]
[Site "Chess.com"]
[Date "2017.03.07"]
[Round "5"]
[White "Genghis_K"]
[Black "bancsoo"]
[Result "1-0"]
[WhiteElo "2719"]
[BlackElo "2623"]
[TimeControl "180+2"]
[EndTime "14:09:16 PST"]
[Termination "Genghis_K won by resignation"]

1. e4 e5 2. Nf3 Nc6 3. Bb5 a6 4.
Ba4 Nf6 5. O-O Be7 6. Bxc6 dxc6 7. d3 Nd7 8. Nbd2 O-O 9. Nc4 f6 10. Nh4 g6 11. Bh6 Rf7 12. a4 a5 13. Nf3 Nc5 14. Nfd2 Ne6 15. g3 Bf8 16. Bxf8 Rxf8 17. f4 exf4 18. gxf4 f5 19. Kh1 fxe4 20. Nxe4 Nxf4 21.
Qd2 Nd5 22. Qh6 Bf5 23. Ng5 Qe7 24. Rae1 Qg7 25. Qh4 Rae8 26. Qg3 b6 27. Ne5 c5 28. h4 Nf6 29. Qf4 Qh6 30. Nc6 Ng4 31. Ne7+ Rxe7 32. Rxe7 Qxh4+ 33. Kg1 h6 34. Qc4+ Kh8 35. Qc3+ Nf6 36.
Nf7+ Kg8 37. Qc4 Qxc4 38. Nxh6+ Kh8 39. dxc4 Bxc2 40. Rxc7 Bxa4 41. Ng4 Nh7 42. Rxh7+ 1-0

[Event "*** Titled Tuesday 3|2 Blitz"]
[Site "Chess.com"]
[Date "2017.03.07"]
[Round "5"]
[White "MateusViageiro"]
[Black "Vamostodorecto"]
[Result "0-1"]
[WhiteElo "2222"]
[BlackElo "2378"]
[TimeControl "180+2"]
[EndTime "14:09:16 PST"]
[Termination "Vamostodorecto won by resignation"]

1. Nf3 d5 2. g3 Nc6 3. d4 Bg4 4. Bg2 Qd7 5. h3 Bxf3 6. Bxf3 O-O-O 7. c3 Kb8 8. Bf4 f6 9. Bg4 e6 10. Nd2 g5 11. Be3 h5 12. Bf3 Nge7 13. Nb3 Nf5 14.
Bd2 e5 15. dxe5 fxe5 16. Qc2 e4 17. Bg2 Be7 18. O-O-O Qe6 19. Kb1 Ne5 20. Nd4 Nxd4 21. cxd4 Nc4 22. Bc1 Rhf8 23. f4 h4 24. fxg5 Rf2 25.
Rhg1 hxg3 26. h4 Qg4 27. Bxe4 Rxe2 28. Bf5 Qf3 29. Qd3 Qf2 30. Qxe2 Qxe2 31. Rde1 Qf2 32. Rgf1 Qxd4 33. h5 g2 34. Rg1 Nd2+ 35. Bxd2 Qxd2 36. g6 Bf6 37. Bc2 Qd4 0-1

[Event "*** Titled Tuesday 3|2 Blitz"]
[Site "Chess.com"]
[Date "2017.03.07"]
[Round "5"]
[White "IMcoach"]
[Black "olgerts_indricans"]
[Result "1-0"]
[WhiteElo "2314"]
[BlackElo "2178"]
[TimeControl "180+2"]
[EndTime "14:09:16 PST"]
[Termination "IMcoach won by resignation"]

1. e4 c5 2. Nc3 e6 3. g3 d5 4. exd5 exd5 5. Bg2 d4 6. Nd5 Nc6 7. d3 Nf6 8. Bg5 Be6 9. Bxf6 gxf6 10. Nf4 Bd6 11.
Nxe6 Qe7 12. Ne2 fxe6 13. O-O O-O-O 14. c3 h5 15. Qa4 Ne5 16. cxd4 Nxd3 17. Rfd1 Nxb2 18.
Qxa7 Nxd1 19. dxc5 Bb8 20. Qa4 Nb2 21. Qb3 Nd3 22. Rb1 Rh7 23. c6 Nc5 24. cxb7+ Nxb7 25. Rc1+ Nc5 26. Qb5 Bd6 27. Qa6+ Kb8 28. Rb1+ Nb7 29. Nd4 Rc8 30. Nc6+ Rxc6 31. Bxc6 Be5 32. Bxb7 Qxb7 33.
Rxb7+ Rxb7 34. Qxe6 Ra7 35. Kg2 Kb7 36. f4 Bc7 37. Qb3+ Kc8 38. a4 Ra5 39. Qe6+ Kb8 40. Qxf6 Rxa4 41. Qf8+ Kb7 42. Qf7 h4 43. Qb3+ 1-0

[Event "*** Titled Tuesday 3|2 Blitz"]
[Site "Chess.com"]
[Date "2017.03.07"]
[Round "5"]
[White "Elshan1985"]
[Black "SantoBlue"]
[Result "0-1"]
[WhiteElo "2488"]
[BlackElo "2426"]
[TimeControl "180+2"]
[EndTime "14:09:19 PST"]
[Termination "SantoBlue won by resignation"]

1. d4 Nf6 2. c4 e6 3. Nf3 b6 4. g3 Bb7 5. Bg2 Be7 6. O-O O-O 7.
Re1 d5 8. cxd5 exd5 9. Bf4 a6 10. Nc3 Re8 11. Ne5 Nbd7 12. Qb3 Nf8 13. e4 Ne6 14. Be3 Nxe4 15. Bxe4 dxe4 16. d5 Nc5 17. Qc4 Bd6 18. Bxc5 Bxe5 19. Bd4 b5 20. Qb4 Bd6 21.
Bc5 f5 22. a4 Bxc5 23. Qxc5 bxa4 24. Rxa4 Qd6 25. Qxd6 cxd6 26. Rb4 Rab8 27. f3 Ba8 28. Rxb8 Rxb8 29. fxe4 Re8 30. Ra1 fxe4 31. Rxa6 Bb7 32. Rxd6 Bc8 33. Nd1 Bh3 34. Kf2 Rb8 35. Ke3 Bg2 36. Rc6 Rb3+ 37. Rc3 Rb5 38. Kd4 Rxd5+ 39. Kxd5 e3+ 40. Ke6 Bh3+ 41. Ke7 e2 42. Ne3 e1=Q 43. Rd3 Qb4+ 44. Ke8 Qe4+ 0-1

[Event "*** Titled Tuesday 3|2 Blitz"]
[Site "Chess.com"]
[Date "2017.03.07"]
[Round "5"]
[White "VerdeNotte"]
[Black "jcibarra"]
[Result "1/2-1/2"]
[WhiteElo "2572"]
[BlackElo "2674"]
[TimeControl "180+2"]
[EndTime "14:09:21 PST"]
[Termination "Game drawn by repetition"]

1. e4 e5 2. Nf3 d6 3. d4 exd4 4.
Nxd4 Nf6 5. Nc3 Be7 6. g3 O-O 7.
Bg2 Nc6 8. Nxc6 bxc6 9. O-O Nd7 10. b3 Bf6 11. Bb2 Re8 12. h3 Nc5 13. Re1 Rb8 14.
Qd2 a5 15. Rad1 h5 16. e5 Rxe5 17. Bxc6 Bxh3 18. Na4 Rxe1+ 19. Rxe1 Nxa4 20. Re8+ Qxe8 21. Bxe8 Nxb2 22. Bc6 a4 23. Bd5 Rb5 24. b4 c5 25.
Qe2 Bd7 26. Qxh5 Be8 27. Qe2 Kf8 28. bxc5 Rxc5 29. c4 Rc7 30. Qh5 g6 31. Qh6+ Bg7 32. Qf4 Be5 33. Qh6+ Bg7 34. Qf4 Ke7 35. Qe3+ Kd8 36. Qg5+ Re7 37. Qd2 Rc7 38. Qg5+ Kc8 39. Qe3 Kd8 40. Qg5+ 1/2-1/2

[Event "*** Titled Tuesday 3|2 Blitz"]
[Site "Chess.com"]
[Date "2017.03.07"]
[Round "5"]
[White "amaidel"]
[Black "LuckyTiger"]
[Result "0-1"]
[WhiteElo "2442"]
[BlackElo "2493"]
[TimeControl "180+2"]
[EndTime "14:09:24 PST"]
[Termination "LuckyTiger won by resignation"]

1. e4 c5 2. Nf3 d6 3. d4 Nf6 4.
Nc3 cxd4 5. Nxd4 a6 6. Be3 e5 7.
Nb3 Be6 8. f3 h5 9. Qd2 Nbd7 10.
O-O-O Rc8 11. Kb1 Be7 12. Nd5 Nxd5 13. exd5 Bf5 14. Bd3 Bxd3 15. Qxd3 Bg5 16. Bf2 O-O 17. h4 Bf4 18. g3 Bh6 19. g4 Bf4 20. Nd2 Bxd2 21. Rxd2 Nf6 22. Be3 e4 23. fxe4 Nxg4 24. Bd4 Qe7 25. Qf3 Rce8 26. Re2 f5 27. Rhe1 f4 28.
a3 Qxh4 29. Rh1 Qg5 30. Rg2 Rf7 31. Rxh5 Qxh5 32. Rxg4 Qh7 33. Rg1 Qxe4 34. Qc3 f3 35.
Rf1 Qe2 36. Rf2 Qe1+ 37. Ka2 Qxc3 38. Bxc3 Re2 0-1

[Event "*** Titled Tuesday 3|2 Blitz"]
[Site "Chess.com"]
[Date "2017.03.07"]
[Round "5"]
[White "MattyDPerrine"]
[Black "jcgs1030"]
[Result "1-0"]
[WhiteElo "2213"]
[BlackElo "2278"]
[TimeControl "180+2"]
[EndTime "14:09:26 PST"]
[Termination "MattyDPerrine won by resignation"]

1. Nf3 Nf6 2. g3 g6 3. Bg2 Bg7 4. O-O O-O 5. d4 d5 6. c4 dxc4 7. Na3 c3 8. bxc3 c5 9. Rb1 Nc6 10. Nc4 Be6 11. Qa4 Bd5 12. dxc5 Nd7 13. Be3 Qc7 14. Rfd1 Be4 15. Rbc1 Rfd8 16. Na3 Bxf3 17.
Bxf3 Nde5 18. Bd5 e6 19. Nb5 Qe7 20. Bg2 h5 21. h3 a6 22. Nd6 Qc7 23. Rb1 Rab8 24.
Bg5 f6 25. Be3 Qa5 26. Qb3 Kh7 27. Qxe6 Qxc3 28. Ne4 Rxd1+ 29. Rxd1 Qb2 30. Kf1 Rf8 31. Bd2 Nd4 32. Qd5 Re8 33. e3 Qb5+ 34. Kg1 Ne2+ 35. Kh2 Nd3 36. Nd6 Qd7 37. Qxd3 Nxg3 38. fxg3 Re5 39. Bc3 Rg5 40. h4 Rg4 41. Bh3 f5 42. Bxg4 hxg4 43. Bxg7 Qxg7 44. Qd4 Qh6 45. Nf7 Qf8 46.
Qf6 Kg8 47. Rd8 1-0

[Event "*** Titled Tuesday 3|2 Blitz"]
[Site "Chess.com"]
[Date "2017.03.07"]
[Round "5"]
[White "JeremDev"]
[Black "mwpchess"]
[Result "0-1"]
[WhiteElo "2223"]
[BlackElo "2401"]
[TimeControl "180+2"]
[EndTime "14:09:29 PST"]
[Termination "mwpchess won by checkmate"]

1. e4 c6 2. d4 d5 3. Nc3 dxe4 4. Nxe4 Bf5 5. Ng3 Bg6 6. h4 h6 7. Nh3 e6 8. Nf4 Bh7 9. Bc4 Nf6 10. O-O Bd6 11.
Nxe6 fxe6 12. Bxe6 Qc7 13. Re1 Nbd7 14. Bg8+ Kf8 15.
Bxh7 Rxh7 16. Nf5 g6 17. Nxd6 Qxd6 18. Qf3 Re8 19. Bf4 Rxe1+ 20. Rxe1 Qd5 21. Qa3+ Kg8 22. Qxa7 Nf8 23. Qa8 g5 24. Be5 Nd7 25. c3 Rf7 26. hxg5 hxg5 27. Bg3 b5 28. b3 Kg7 29. Re3 Ng6 30. Re8 Nf6 31. Be5 Kh6 32. Bxf6 Rxf6 33.
Re3 Rf4 34. Qe8 Rg4 35. Rh3+ Rh4 36. Rg3 Qf5 37. Qe1 Nf4 38. Re3 Qg4 39. Rg3 Ne2+ 40. Kf1 Rh1# 0-1

[Event "*** Titled Tuesday 3|2 Blitz"]
[Site "Chess.com"]
[Date "2017.03.07"]
[Round "5"]
[White "littleozy"]
[Black "Hanging_pointer"]
[Result "1-0"]
[WhiteElo "2291"]
[BlackElo "2276"]
[TimeControl "180+2"]
[EndTime "14:09:33 PST"]
[Termination "littleozy won by resignation"]

1. d4 Nf6 2. c4 e6 3. Nf3 b6 4.
Bf4 Bb7 5. e3 Be7 6. Be2 Nh5 7.
Be5 d6 8. Bg3 O-O 9. Nc3 Nd7 10.
Bd3 c5 11. Qc2 h6 12. O-O Nxg3 13. hxg3 cxd4 14. Nxd4 Rc8 15. Rac1 Ne5 16. b3 Nxd3 17. Qxd3 a6 18. Rfd1 Qc7 19. Nce2 Rfd8 20. Nf4 e5 21. Nd5 Bxd5 22. cxd5 Qxc1 23. Rxc1 Rxc1+ 24. Kh2 exd4 25. Qxd4 Rb8 26. Qa4 a5 27. Qd7 Bf8 28. f3 Rc2 29.
Qa4 Rc7 30. e4 g6 31. Qb5 h5 32. Kh3 Bg7 33. g4 hxg4+ 34. Kxg4 Rc2 35. g3 Rc7 36.
Kh3 Be5 37. Kg4 Kg7 38. a4 Bf6 39. b4 axb4 40. Qxb4 Be5 41. f4 Bd4 42. Qxd4+ Kg8 43.
Qf6 Rd7 44. Qc3 Re8 45. Qc6 Rde7 46. e5 dxe5 47. d6 Re6 48. Qxb6 exf4 49. gxf4 Kf8 50. a5 Ra8 51. a6 Ke8 52. Qc6+ 1-0

[Event "*** Titled Tuesday 3|2 Blitz"]
[Site "Chess.com"]
[Date "2017.03.07"]
[Round "5"]
[White "chessking2151"]
[Black "iturrizaga"]
[Result "0-1"]
[WhiteElo "2384"]
[BlackElo "2644"]
[TimeControl "180+2"]
[EndTime "14:09:34 PST"]
[Termination "iturrizaga won by resignation"]

1. e4 c5 2. c3 Nf6 3. e5 Nd5 4.
Nf3 g6 5. Bc4 Nb6 6. Bb3 Bg7 7.
O-O O-O 8. d4 cxd4 9. cxd4 d6 10. Nc3 Nc6 11. Qe2 Bg4 12. Rd1 dxe5 13. dxe5 Qc8 14. Bf4 Bxf3 15. gxf3 Qf5 16. Bg3 Bxe5 17. Bc2 Qh5 18. Be4 Bf6 19. Rac1 Nd4 20. Qe3 Nc4 21. Qf4 Nxb2 22. Rd2 Bg5 23. Rxd4 Bxf4 24. Bxf4 Rad8 25.
Rd5 Qh3 26. Rb1 Rc8 27. Ne2 Nc4 28. Bg5 Nd6 29. Nf4 Qd7 30. Nd3 f6 31. Bh6 Rfd8 32. Nc5 Qh3 33. Rbd1 Qxh6 34. Ne6 Re8 35. Nd4 Qh4 36.
Re1 Qh3 37. Bb1 e5 38. Ne2 Nf5 39. Be4 Nh4 40. f4 exf4 41. Rd3 Qg4+ 42. Ng3 Rxe4 43.
Rxe4 Rc1+ 0-1

[Event "*** Titled Tuesday 3|2 Blitz"]
[Site "Chess.com"]
[Date "2017.03.07"]
[Round "5"]
[White "Buffy7"]
[Black "GMHess"]
[Result "0-1"]
[WhiteElo "2497"]
[BlackElo "2580"]
[TimeControl "180+2"]
[EndTime "14:09:39 PST"]
[Termination "GMHess won by resignation"]

1. c4 g6 2. d4 Bg7 3. Nf3 c5 4.
e4 cxd4 5. Nxd4 Nc6 6. Be3 Nf6 7.
Nc3 O-O 8. Be2 d6 9. O-O Bd7 10. Qd2 Rc8 11. Rac1 a6 12. b3 Re8 13. f3 Qa5 14. Nxc6 Bxc6 15. a4 Nd7 16. Rc2 Nc5 17.
Rb1 Bxc3 18. Qxc3 Qxc3 19. Rxc3 a5 20. Rcc1 b6 21. h4 f5 22. exf5 gxf5 23. Rd1 Kf7 24. Rd2 Rg8 25. Bd1 Rb8 26. Kh2 Na6 27. Bc2 Bd7 28. Re1 Nb4 29. Bb1 Rge8 30. Bd4 Rg8 31. Bc3 Nc6 32. Rd5 Be6 33. Rd2 Bd7 34. Rde2 Rg6 35. g4 Rh6 36. Kg3 Rg8 37. g5 Rhg6 38. f4 h6 39. Kf2 hxg5 40. fxg5 e5 41. Rg1 Rh8 42. Kg3 f4+ 43. Kf2 Rxh4 44. Bxg6+ Kxg6 45. Rd1 Rh2+ 46. Kf1 Rh1+ 47. Kf2 Rxd1 48. Rd2 Rxd2+ 49. Bxd2 Bf5 0-1